 Dungeon Crawl Stone Soup version 0.30-a0-123-g91d0c66ccf (webtiles) character file.

Game seed: 1686536746111144240

286958 Zonian the Victor of a Thousand Battles (level 19, -14/153 (155) HPs)
             Began as a Demonspawn Ice Elementalist on Sept 16, 2022.
             Was the Champion of Okawaru.
             Shot with an arrow by a deep elf master archer (22 damage)
             ... on level 3 of the Elven Halls on Sept 17, 2022.
             The game lasted 03:05:34 (56818 turns).

Zonian the Victor of a Thousand Battles (DsIE)     Turns: 56818, Time: 03:05:34

HP:   -14/153 (155) AC: 16    Str: 24    XL:     19   Next: 85%
MP:   0/33          EV: 19    Int: 20    God:    Okawaru [******]
Gold: 2113          SH: 12    Dex: 17    Spells: 14/38 levels left

rFire   + . .      SeeInvis +    g - +8 Vampire's Tooth {vamp}
rCold   + + .      Faith    .    M - +3 buckler {reflect}
rNeg    + + .      Spirit   +    C - +4 ring mail of Perfidy {rElec rC++}
rPois   +          Reflect  +    I - +0 hat of Hadjma {Will++}
rElec   +          Harm     .    V - +2 cloak {rPois}
rCorr   .          Rampage  .    W - +1 pair of gloves of the Gravedigger {*Corrode rElec rN++ Str+4}
Will    +++..                    (boots unavailable)
Stlth   ++........               v - amulet of guardian spirit
HPRegen 0.35/turn                p - +4 ring of slaying
MPRegen 0.23/turn                j - ring of Xom's Entertainment {Str+6 Int+4 SInv}

@: silenced, finesse-ful, corroded, lightly drained, unable to drink
A: claws 2, hooves 3, horns 2, (demonic guardian 2), icemail 2, condensation
shield, fire resistance 1, inability to drink after injury 1
}: 2/15 runes: serpentine, barnacled
a: Renounce Religion


You were on level 3 of the Elven Halls.
You worshipped Okawaru.
Okawaru was exalted by your worship.
You visited 6 branches of the dungeon, and saw 33 of its levels.
You also visited: Gauntlet.

You collected 4067 gold pieces.
You spent 1954 gold pieces at shops.

Inventory:

Hand Weapons
 a - a +8 demon trident of venom
 d - a +2 demon trident of draining
 f - a +9 demon trident of electrocution
 g - the +8 Vampire's Tooth (weapon) {vamp}
   (You found it on level 10 of the Dungeon)

   It occasionally heals its wielder for the full amount of damage dealt when it
   wounds a living foe.
 x - the +3 trident "Cowar" {antimagic, rN+ Will++ rCorr Int-5}
   (You found it on level 12 of the Dungeon)

   It reduces the magical energy of the wielder, and disrupts the spells and
   magical abilities of those it strikes.
   Natural abilities and divine invocations are not affected.
   Int:       It affects your intelligence (-5).
   rN:        It protects you from negative energy.
   rCorr:     It protects you from acid and corrosion.
   Will:      It greatly increases your willpower.
Missiles
 e - 10 curare-tipped darts
 r - 23 boomerangs (quivered)
 w - 10 javelins
 A - 3 boomerangs of dispersal
 J - 8 silver javelins
 P - 3 throwing nets
Armour
 s - the +1 hat of the Bells {rF++ Str+2}
   (You acquired it on level 1 of the Shoals)

   Str:       It affects your strength (+2).
   rF:        It greatly protects you from fire.
 C - the +4 ring mail of Perfidy (worn) {rElec rC++}
   (You bought it in a shop on level 2 of the Orcish Mines)

   rC:        It greatly protects you from cold.
   rElec:     It insulates you from electricity.
 G - the +2 ring mail of Kikubaaqudgha's Regard {rElec rCorr}
   (You bought it in a shop on level 1 of the Snake Pit)

   rElec:     It insulates you from electricity.
   rCorr:     It protects you from acid and corrosion.
 I - the +0 hat of Hadjma (worn) {Will++}
   (Okawaru gifted it to you on level 4 of the Snake Pit)

   Will:      It greatly increases your willpower.
 M - a +3 buckler of reflection (worn)
 V - a +2 cloak of poison resistance (worn)
 W - the +1 pair of gloves of the Gravedigger (worn) {*Corrode rElec rN++ Str+4}
   (Okawaru gifted it to you on level 3 of the Lair of Beasts)

   Str:       It affects your strength (+4).
   rElec:     It insulates you from electricity.
   rN:        It greatly protects you from negative energy.
   *Corrode:  It may corrode you when you take damage.
Jewellery
 j - the ring of Xom's Entertainment (right hand) {Str+6 Int+4 SInv}
   (You took it off a merfolk javelineer on level 4 of the Shoals)

   [ring of strength]

   Str:       It affects your strength (+6).
   Int:       It affects your intelligence (+4).
   SInv:      It lets you see invisible.
 p - a +4 ring of slaying (left hand)
 q - a ring of flight
 t - the ring of Tecut {Fire rElec rN+}
   (You found it on level 3 of the Lair of Beasts)

   [ring of fire]

   It enhances your fire magic.
   rF:        It protects you from fire.
   rC:        It makes you vulnerable to cold.
   rElec:     It insulates you from electricity.
   rN:        It protects you from negative energy.
 v - an amulet of guardian spirit (around neck)
 K - a ring of resist corrosion
 S - the ring of the Special Thickets {Fire rN+ Will+ Str-5 Slay+5}
   (You took it off a deep elf master archer on level 3 of the Elven Halls)

   [ring of fire]

   It enhances your fire magic.
   Str:       It affects your strength (-5).
   Slay:      It affects your accuracy & damage with ranged weapons and melee
   (+5).
   rF:        It protects you from fire.
   rC:        It makes you vulnerable to cold.
   rN:        It protects you from negative energy.
   Will:      It increases your willpower.
Wands
 k - a wand of flame (33)
 o - a wand of acid (15)
 R - a wand of iceblast (7)
 T - a wand of paralysis (20)
 Z - a wand of mindburst (24)
Scrolls
 m - 2 scrolls of magic mapping
 y - 5 scrolls of fear
 D - 2 scrolls of silence
 L - 9 scrolls of teleportation
 X - 6 scrolls of poison
Potions
 b - 3 potions of magic
 c - 6 potions of invisibility
 h - 4 potions of might
 i - 10 potions of curing
 l - 9 potions of ambrosia
 u - 6 potions of heal wounds
 z - 4 potions of flight
 B - 5 potions of haste
 F - 4 potions of lignification
 O - 2 potions of cancellation
 U - a potion of berserk rage
 Y - a potion of brilliance
Miscellaneous
 n - a condenser vane
 E - a piece from Xom's chessboard (15/15)
 N - a lightning rod (4/4)


   Skills:
 - Level 15.0 Fighting
 + Level 6.6 Short Blades
 - Level 4.0 Maces & Flails
 - Level 14.0 Polearms
 + Level 6.5 Throwing
 - Level 8.0 Armour
 - Level 14.2 Dodging
 - Level 8.0 Stealth
 - Level 4.0 Shields
 + Level 10.4 Spellcasting
 + Level 14.2 Necromancy
 - Level 7.8 Ice Magic
 + Level 9.9 Earth Magic
 - Level 15.0 Invocations
 - Level 8.0 Evocations


You had 14 spell levels left.
You knew the following spells:

 Your Spells              Type           Power      Damage    Failure   Level
a - Freeze                Ice            100%       1d11      1%          1
b - Frozen Ramparts       Ice            82%        1d13      1%          3
c - Ozocubu's Armour      Ice            41%        N/A       1%          3
d - Vampiric Draining     Necr           61%        2d10      1%          3
e - Borgnjor's Vile Clut  Necr/Erth      28%        N/A       2%          5
f - Dispel Undead         Necr           61%        3d21      1%          4
g - Lee's Rapid Deconstr  Erth           25%        3d15*     6%          5

Your spell library contained the following spells:

 Spells                   Type           Power      Damage    Failure   Level
 Necrotise                Necr           100%       1d9       1%          1
 Sandblast                Erth           100%       2d20      1%          1
 Sublimation of Blood     Necr           61%        N/A       1%          2
 Cigotuvi's Dreadful Rot  Necr/Pois/Air  58%        N/A       2%          2
 Passwall                 Tmut/Erth      25%        N/A       2%          2
 Ensorcelled Hibernation  Hex/Ice        52%        N/A       3%          2
 Stone Arrow              Conj/Erth      60%        3d10      4%          3
 Anguish                  Hex/Necr       19%        N/A       7%          4
 Apportation              Tloc           20%        N/A       13%         1
 Beastly Appendage        Tmut           20%        N/A       13%         1
 Magic Dart               Conj           40%        1d5       13%         1
 Slow                     Hex            40%        N/A       13%         1
 Leda's Liquefaction      Hex/Erth       15%        N/A       16%         4
 Petrify                  Tmut/Erth      30%        N/A       16%         4
 Poisonous Vapours        Pois/Air       20%        N/A       19%         2
 Scorch                   Fire           20%        2d6       19%         2
 Static Discharge         Conj/Air       20%        2-3/arc   19%         2
 Wereblood                Tmut           10%        N/A       19%         2
 Hailstorm                Conj/Ice       26%        3d7       26%         4
 Confusing Touch          Hex            10%        N/A       36%         3
 Dazzling Flash           Conj/Hex       20%        N/A       36%         3
 Gell's Gravitas          Tloc           10%        N/A       36%         3
 Lesser Beckoning         Tloc           10%        N/A       36%         3
 Mephitic Cloud           Conj/Pois/Air  10%        N/A       36%         3
 Portal Projectile        Hex/Tloc       20%        N/A       36%         3
 Spider Form              Tmut/Pois      10%        N/A       36%         3
 Swiftness                Air            10%        N/A       36%         3
 Teleport Other           Tloc           10%        N/A       36%         3
 Cause Fear               Hex            5%         N/A       77%         4
 Flame Wave               Conj/Fire      10%        2d6       77%         4
 Sticky Flame             Conj/Fire      10%        2d3       77%         4
 Statue Form              Tmut/Erth      20%        N/A       94%         6
 Alistair's Intoxication  Tmut/Pois      6%         N/A       98%         5
 Blade Hands              Tmut           5%         N/A       98%         5
 Fireball                 Conj/Fire      5%         3d5       98%         5
 Irradiate                Conj/Tmut      5%         3d13      98%         5
 Yara's Violent Unravell  Hex/Tmut       5%         3d4       98%         5
 Eringya's Noxious Bog    Tmut/Pois      5%         N/A       100%        6
 Starburst                Conj/Fire      5%         6d4       100%        6
 Dragon Form              Tmut           5%         N/A       100%        7
 Enfeeble                 Hex            5%         N/A       100%        7
 Ignition                 Fire           5%         3d4       100%        8
 Lehudib's Crystal Spear  Conj/Erth      15%        10d5      100%        8
 Animate Dead             Necr           Unusable   N/A       N/A         4
 Death Channel            Necr           Unusable   N/A       N/A         6
 Summon Small Mammal      Summ           Unusable   N/A       N/A         1
 Call Imp                 Summ           Unusable   N/A       N/A         2
 Tukima's Dance           Hex            Unusable   N/A       N/A         3
 Summon Forest            Summ/Tloc      Unusable   N/A       N/A         5
 Summon Cactus Giant      Summ           Unusable   N/A       N/A         6
 Summon Horrible Things   Summ           Unusable   N/A       N/A         8
 Dragon's Call            Summ           Unusable   N/A       N/A         9

Dungeon Overview and Level Annotations

Branches:
Dungeon (15/15)            Temple (0/1) D:5            Lair (5/5) D:9
 Shoals (4/4) Lair:2        Snake (4/4) Lair:3        Slime (0/5) Lair:4
    Orc (2/2) D:12            Elf (3/3) Orc:2        Vaults (0/5) D:14
 Depths (0/4) D:15        Gauntlet (visited)

Altars:
Ashenzari
Hepliaklqana
Nemelex Xobeh
Okawaru
Qazlal
Sif Muna
Uskayaw
Vehumet
Xom
Jiyva

Shops:
D:7 (   D:13 *[   D:14 *:   Orc:2 :(:[   Elf:3 !(([   Shoals:1 =   Shoals:2 (
Snake:1 [   Snake:2 *

Annotations:
Shoals:1 1 runed translucent door, Roxanne; TheSexyCheese's ghost, adept MiBe


Innate Abilities, Weirdness & Mutations

You have very sharp fingernails.
You have hooves in place of feet.
You have a pair of horns on your head.
((A demonic guardian rushes to your aid.))
A meltable icy envelope protects you from harm. (AC +8)
A meltable shield of frost defends you. (SH +4)
Your flesh is heat resistant. (rF+)
You occasionally lose the ability to drink potions when taking damage.


Message History

You kick the deep elf master archer.
You headbutt the deep elf master archer, but do no damage.
The deep elf master archer is severely wounded.
The deep elf master archer shoots an arrow.
You reflect the arrow off your +3 buckler of reflection!
The arrow hits the deep elf master archer!
Your +9 demon trident of electrocution stops crackling.
You feel strangely empty.
g - the +8 Vampire's Tooth (weapon)
{vamp} The deep elf master archer shoots an arrow.
The arrow hits you!!
* * * LOW HITPOINT WARNING * * *
Okay, then.
You hit the deep elf master archer but do no damage.
Your kick misses the deep elf master archer.
The deep elf master archer is severely wounded.
The deep elf annihilator gestures at you while chanting.
The bolt of lightning hits you! You resist.
* * * LOW HITPOINT WARNING * * *
Blink to where?
Press: ? - help, Dir - move target, p - deep elf master archer A deep elf blademaster and 2 deep elf death magi come into view.
The deep elf blademaster is wielding two +1 rapiers of draining.
As you read the scroll of blinking, it crumbles to dust.
The deep elf death mage casts a spell at you.
The bolt of negative energy hits you! You partially resist.
You feel drained.
* * * LOW HITPOINT WARNING * * *
Your corrosive artefact corrodes you!
Okay, then.
Welcome back, Zonian the Demonspawn Ice Elementalist.
Okawaru says: Bring me glory in combat!
Press ? for a list of commands and other information.
As you read the scroll of fog, it crumbles to dust.
The scroll dissolves into smoke.
Okay, then.
As you read the scroll of silence, it crumbles to dust.
A profound silence engulfs you.
The deep elf master archer shoots an arrow.
The arrow hits you!!
You die...

,,,,,,,***,,,,,,,,,,,,,,,**
*,,,,,,,*...,,,,***,,,,,,,*
**,,,,,,*...,,,**,**,,,,,,*
**,,,,,*....,**,,,**,,,,,*
*,,,,,*.....*,,,,,+,,,,,*
**,,,,,*.....#*,,,**,,.,,*
**,,,,,,+.....§##,**,...,,*
#......,*.....§§###.....,,*
.......**#....§§@§......,***
......#* ##....§§§......+*,*
......* #......§......*,,*
,,....* #...e...e...##*,,*
,,,#)#######'#.....e.##,,,,*
*###......e..#######'#**,,,*
#.............# **..,**,,*
#...).........# **,,..,**,*
##.............#**,,,,,,,*,*


You could see a deep elf blademaster (wandering), a deep elf master archer and 2
deep elf death magi.

Vanquished Creatures
  A deep elf master archer (Elf:3)
  2 krakens
  A storm dragon (Shoals:4)
  15 nagarajas
  8 deep elf sorcerers
  3 deep elf elementalists (Elf:3)
  The ghost of ytrimaz the Warrior, a journeyman DsGl (Lair:3)
  5 deep elf demonologists
  A minotaur (Gauntlet)
  3 deep elf annihilators
  3 merfolk javelineers (Shoals:4)
  An ettin (D:15)
  13 merfolk impalers
  4 deep elf death magi
  2 deep elf high priests (Elf:3)
  4 salamander tyrants
  2 fire dragons (Lair:5)
  8 vault guards
  An ice dragon (Lair:3)
  4 hydras
  7 centaur warriors
  9 anacondas
  An ogre mage (D:15)
  11 merfolk aquamancers
  2 boulder beetles
  A death knight (D:15)
  7 two-headed ogres
  A satyr (Shoals:3)
  13 dancing weapons
  Erica (D:8)
  13 death yaks
  5 tengu warriors
  14 naga warriors
  5 orc high priests
  9 shock serpents
  23 naga sharpshooters
  15 deep elf knights
  Urug (Lair:1)
  12 skeletal warriors
  Sonja (Orc:1)
  13 sea snakes
  5 salamander mystics
  A deep troll (D:15)
  7 naga ritualists
  A spriggan simulacrum (D:15)
  A swamp dragon (Lair:5)
  2 lindwurms (Lair:5)
  Pikel (D:8)
  10 deep elf archers
  19 harpies (Shoals:2)
  30 deep elf zephyrmancers
  14 mana vipers
  3 necromancers
  An oklob plant (Lair:4)
  A phantasmal warrior (D:14)
  32 deep elf pyromancers
  17 fauns
  4 cyclopes
  13 manticores
  12 salamanders
  8 orc sorcerers
  A salamander (shapeshifter) (D:15)
  Maurice (D:8)
  4 elephants (Lair:1)
  A moth of wrath (Gauntlet)
  A shining eye (shapeshifter) (Elf:1)
  7 ugly things
  Joseph (Lair:1)
  41 black mambas
  7 water nymphs
  6 merfolk sirens
  14 naga magi
  7 guardian serpents
  2 gargoyles (D:12)
  6 torpor snails (Lair:5)
  2 unseen horrors (D:11)
  9 cane toads
  5 rime drakes
  A freezing wraith (D:15)
  4 komodo dragons
  2 tengu conjurers (D:15)
  3 polar bears
  An anaconda simulacrum (D:15)
  6 tyrant leeches
  17 merfolk
  6 hornets (Lair:5)
  A troll (D:12)
  13 wind drakes
  23 slime creatures
  Grinder (D:4)
  12 dream sheep
  7 snapping turtles
  13 blink frogs
  5 air elementals (Shoals:4)
  3 vampires
  10 shadows
  26 water elementals
  2 wyverns
  6 wraiths
  2 basilisks
  38 yaks
  Eustachio (D:3)
  2 dire elephant simulacra (D:15)
  2 fire elementals
  3 steam dragons
  2 chaos spawn (Gauntlet)
  A minotaur simulacrum (D:15)
  A neqoxec (Gauntlet)
  8 vampire mosquitoes
  5 wargs
  36 nagas
  4 acid dragons
  3 hydra simulacra (Lair:3)
  10 water moccasins
  Duvessa (D:4)
  A sky beast (D:7)
  A swamp drake (Lair:5)
  18 orc warriors
  3 black bears
  3 large abominations (Elf:1)
  An ice beast (D:8)
  13 wolves
  27 centaurs
  7 ogres
  4 elf zombies (Elf:1)
  3 phantoms
  Blork the orc (D:4)
  A kobold brigand (D:10)
  6 bullfrogs
  2 gnoll sergeants
  2 earth elementals
  A necrophage (D:6)
  3 deep troll simulacra (D:15)
  A blink frog simulacrum (Lair:3)
  2 troll zombies (D:12)
  19 killer bees
  2 lindwurm simulacra (Lair:3)
  3 howler monkeys (D:9)
  A rime drake simulacrum (Lair:3)
  18 orc priests
  2 hounds
  3 jellies
  2 gnoll boudas
  7 iguanas
  30 orc wizards
  7 hell rats (Lair:1)
  A polar bear simulacrum (Lair:3)
  6 ogre zombies (D:12)
  21 gnolls
  14 adders
  A white imp (D:7)
  2 ufetubi
  2 dart slugs (D:2)
  74 orcs
  5 ball pythons
  12 endoplasms
  6 giant cockroaches
  16 goblins
  16 hobgoblins
  A quokka (D:3)
  5 bats
  5 frilled lizards
  3 goblin skeletons (D:12)
  A goblin zombie (D:12)
  4 hobgoblin zombies (D:12)
  24 kobolds
  An orc skeleton (D:12)
  16 orc zombies (D:12)
  6 rats
  8 tentacles
1268 creatures vanquished.

Vanquished Creatures (collateral kills)
  A water moccasin (D:3)
  Dowan (D:4)
2 creatures vanquished.

Vanquished Creatures (others)
  2 manticores
  A naga mage (Snake:3)
  An orc wizard (D:7)
  25 fungi
  199 plants
  19 tentacles
  10 toadstools (D:3)
257 creatures vanquished.

Grand Total: 1527 creatures vanquished

Notes
Turn   | Place    | Note
-------+----------+-------------------------------------------
     0 | D:1      | Zonian the Demonspawn Ice Elementalist began the quest for
                  | the Orb.
     0 | D:1      | Reached XP level 1. HP: 13/13 MP: 3/3
   395 | D:1      | Discovered your monstrous ancestry.
   395 | D:1      | Gained mutation: You have a pair of small horns on your
                  | head. [demonic ancestry]
   395 | D:1      | Reached XP level 2. HP: 19/19 MP: 0/5
  1260 | D:2      | Gained mutation: A weak demonic guardian rushes to your
                  | aid. [demonic ancestry]
  1260 | D:2      | Reached XP level 3. HP: 24/24 MP: 3/6
  1279 | D:2      | HP: 1/24 [hobgoblin (4)]
  2516 | D:3      | Learned a level 3 spell: Frozen Ramparts
  2633 | D:3      | Gained mutation: A meltable shield of frost defends you.
                  | (SH +4) [demonic ancestry]
  2633 | D:3      | Reached XP level 4. HP: 30/30 MP: 6/8
  2751 | D:3      | Found a radiant altar of Vehumet.
  3372 | D:3      | Gained mutation: A demonic guardian rushes to your aid.
                  | [demonic ancestry]
  3372 | D:3      | Reached XP level 5. HP: 35/35 MP: 4/9
  3648 | D:3      | Noticed a water moccasin
  3656 | D:3      | Killed a water moccasin
  3657 | D:3      | Gained mutation: You have large cloven feet. [demonic
                  | ancestry]
  3657 | D:3      | Reached XP level 6. HP: 34/41 MP: 5/11
  4060 | D:4      | Noticed Grinder
  4156 | D:4      | Noticed Duvessa
  4156 | D:4      | Noticed Dowan
  4163 | D:4      | Killed Dowan
  4164 | D:4      | Killed Duvessa
  4384 | D:4      | Found an iron altar of Okawaru.
  4571 | D:4      | Became a worshipper of Warmaster Okawaru
  4679 | D:4      | Found a shimmering blue altar of Sif Muna.
  4722 | D:4      | Reached XP level 7. HP: 30/46 MP: 9/12
  4843 | D:4      | Found a sparkling altar of Nemelex Xobeh.
  4863 | D:4      | Noticed Blork the orc
  4878 | D:4      | Killed Blork the orc
  4879 | D:4      | Reached skill level 5 in Ice Magic
  5407 | D:4      | Noticed Eustachio
  5425 | D:3      | Killed Eustachio
  5842 | D:4      | Paralysed by Grinder for 5 turns
  5852 | D:4      | Killed Grinder
  5852 | D:4      | Reached * piety under Okawaru
  5853 | D:4      | Reached skill level 1 in Invocations
  6008 | D:5      | Entered Level 5 of the Dungeon
  6304 | D:5      | Reached XP level 8. HP: 52/52 MP: 14/14
  6558 | D:5      | Identified the +8 whip of the Lair of Beasts {drain, rN+
                  | Will- Dex+5}
  6562 | D:5      | Found a staircase to the Ecumenical Temple.
  6644 | D:5      | Found a hide-covered altar of Uskayaw.
  6898 | D:5      | Reached skill level 5 in Stealth
  7367 | D:6      | Reached ** piety under Okawaru
  7368 | D:6      | Reached skill level 5 in Spellcasting
  7441 | D:6      | Reached skill level 5 in Dodging
  8341 | D:7      | Reached XP level 9. HP: 57/57 MP: 17/17
  8567 | D:7      | Reached *** piety under Okawaru
  8610 | D:7      | Found Okhoitel's Weapon Shop.
  8686 | D:7      | Identified the +7 arbalest "Goczyp" {elec, rPois rC+ Dex+3}
  8858 | D:7      | Reached skill level 5 in Invocations
  9181 | D:8      | Reached skill level 1 in Fighting
  9523 | D:8      | Noticed Pikel
  9524 | D:8      | Noticed Maurice
  9531 | D:8      | Killed Pikel
  9531 | D:8      | Reached **** piety under Okawaru
  9535 | D:8      | Reached skill level 1 in Maces & Flails
  9535 | D:8      | Paralysed by Maurice for 2 turns
  9538 | D:8      | Killed Maurice
  9568 | D:8      | Gained mutation: A meltable icy envelope protects you from
                  | harm. (AC +8) [demonic ancestry]
  9568 | D:8      | Reached XP level 10. HP: 38/68 MP: 16/18
  9791 | D:8      | Noticed Erica
 10053 | D:8      | Killed Erica
 10054 | D:8      | Reached skill level 1 in Shields
 10484 | D:9      | Found a staircase to the Lair.
 10484 | D:9      | Noticed a two-headed ogre
 10490 | D:9      | Killed a two-headed ogre
 10661 | D:9      | Reached ***** piety under Okawaru
 11761 | Lair:1   | Entered Level 1 of the Lair of Beasts
 11761 | Lair:1   | Noticed Joseph
 11765 | Lair:1   | Noticed a black mamba
 11772 | Lair:1   | Killed Joseph
 11776 | Lair:1   | Killed a black mamba
 11860 | Lair:1   | Noticed a cane toad
 11874 | Lair:1   | Killed a cane toad
 11929 | Lair:1   | Noticed Urug
 11938 | Lair:1   | Killed Urug
 11939 | Lair:1   | Gained mutation: You have hoof-like feet. [demonic
                  | ancestry]
 11939 | Lair:1   | Reached XP level 11. HP: 66/78 MP: 9/19
 12328 | Lair:1   | Reached skill level 5 in Fighting
 12352 | Lair:1   | Received a gift from Okawaru
 12705 | Lair:2   | Found a staircase to the Shoals.
 12727 | Lair:2   | Reached skill level 1 in Polearms
 13363 | Lair:2   | Noticed a death yak
 13803 | Lair:2   | Noticed a death yak
 13804 | Lair:2   | Noticed a death yak
 13804 | Lair:2   | Noticed a death yak
 13831 | Lair:1   | Killed a death yak
 13837 | Lair:1   | Learned a level 3 spell: Ozocubu's Armour
 14425 | Lair:1   | Killed a death yak
 14426 | Lair:1   | Reached skill level 10 in Invocations
 14609 | Lair:1   | Killed a death yak
 14610 | Lair:1   | Reached skill level 5 in Polearms
 14611 | Lair:1   | Gained mutation: You have hooves in place of feet. [demonic
                  | ancestry]
 14611 | Lair:1   | Reached XP level 12. HP: 54/89 MP: 14/20
 15136 | Lair:2   | Noticed a death yak
 15164 | Lair:2   | Noticed a death yak
 15166 | Lair:2   | Noticed a death yak
 15176 | Lair:2   | Killed a death yak
 15182 | Lair:2   | Killed a death yak
 15182 | Lair:2   | Received a gift from Okawaru
 15188 | Lair:2   | Killed a death yak
 15192 | Lair:2   | Killed a death yak
 15566 | Lair:3   | Noticed ytrimaz's ghost (journeyman DsGl)
 15566 | Lair:3   | Noticed an ice dragon
 15795 | Lair:3   | Identified the +4 battleaxe of Infection {protect, rPois
                  | rC++}
 15830 | Lair:3   | Found a staircase to the Snake Pit.
 15933 | Lair:3   | Identified the +1 pair of gloves of the Gravedigger
                  | {*Corrode rElec rN++ Str+4} (Okawaru gifted it to you on
                  | level 3 of the Lair of Beasts)
 15933 | Lair:3   | Received a gift from Okawaru
 16121 | Lair:3   | Found a runed translucent gate.
 16121 | Lair:3   | Found a runed translucent gate.
 16124 | Lair:3   | Found a runed translucent gate.
 16219 | Lair:3   | Noticed a six-headed hydra
 16231 | Lair:3   | Killed a six-headed hydra
 16239 | Lair:3   | Reached skill level 10 in Polearms
 16278 | Lair:3   | Identified the +10 great mace "Xaghym" {holy, rElec rN+}
 16479 | Lair:3   | Noticed a five-headed hydra
 16497 | Lair:3   | Killed a five-headed hydra
 16782 | Lair:3   | Noticed a six-headed hydra
 16788 | Lair:3   | Killed a six-headed hydra
 17170 | Lair:4   | Reached XP level 13. HP: 89/98 MP: 20/22
 17320 | Lair:4   | Reached ****** piety under Okawaru
 17323 | Lair:4   | Received a gift from Okawaru
 17498 | Lair:4   | Found a viscous altar of Jiyva.
 17499 | Lair:4   | Found a staircase to the Slime Pits.
 17947 | Lair:5   | Entered Level 5 of the Lair of Beasts
 18827 | Lair:5   | Noticed a fire dragon
 18833 | Lair:5   | Reached skill level 1 in Throwing
 18833 | Lair:5   | Reached skill level 1 in Armour
 18845 | Lair:5   | Killed a fire dragon
 19045 | Lair:5   | Found a runed translucent door.
 19046 | Lair:5   | Noticed a fire dragon
 19998 | Lair:5   | Received a gift from Okawaru
 20456 | Lair:5   | Killed a fire dragon
 20831 | D:10     | Entered Level 10 of the Dungeon
 21106 | D:10     | Gained mutation: You have sharp fingernails. [demonic
                  | ancestry]
 21106 | D:10     | Reached XP level 14. HP: 98/108 MP: 21/23
 21417 | D:10     | Found the +8 Vampire's Tooth {vamp}
 21765 | D:11     | Identified a scroll of acquirement
 21766 | D:11     | Acquired a manual of Dodging
 21936 | D:11     | Reached skill level 5 in Armour
 21950 | D:11     | Identified the +3 spear of the Fortifying Gods {distort,
                  | rPois Will++ MP-9} (Okawaru gifted it to you on level 11 of
                  | the Dungeon)
 21950 | D:11     | Received a gift from Okawaru
 22163 | D:11     | Reached skill level 10 in Fighting
 22444 | D:12     | Identified the +3 trident "Cowar" {antimagic, rN+ Will++
                  | rCorr Int-5}
 22809 | D:12     | Found a staircase to the Orcish Mines.
 23185 | D:12     | Found a hazy altar of Hepliaklqana.
 23186 | D:12     | Found a faded altar of an unknown god.
 24142 | D:13     | Found Wauqeoh's Armour Shop.
 24357 | D:13     | Reached skill level 10 in Dodging
 24436 | D:13     | Received a gift from Okawaru
 24956 | D:13     | Found Etia's CLEARANCE SALE!.
 24962 | D:13     | Bought a condenser vane for 120 gold pieces
 25214 | D:14     | Found Uliuwuro's Changing Room.
 25233 | D:14     | Found Zutobofoor's Book Shoppe.
 25338 | D:14     | Reached skill level 1 in Evocations
 25841 | D:14     | Received a gift from Okawaru
 26603 | D:14     | Found a broken altar of Ashenzari.
 26669 | D:14     | Found a gate to the Vaults.
 26835 | D:14     | Identified the +0 ring mail of Vyutheg {Int+3} (Okawaru
                  | gifted it to you on level 14 of the Dungeon)
 26835 | D:14     | Received a gift from Okawaru
 27103 | D:15     | Entered Level 15 of the Dungeon
 27115 | D:14     | Gained mutation: A meltable icy envelope protects you from
                  | harm. (AC +8) [demonic ancestry]
 27115 | D:14     | Reached XP level 15. HP: 73/119 MP: 13/24
 28969 | D:15     | Found a staircase to the Depths.
 29270 | D:15     | Reached skill level 5 in Evocations
 29487 | Orc:1    | Entered Level 1 of the Orcish Mines
 30265 | Orc:2    | Entered Level 2 of the Orcish Mines
 30495 | Orc:2    | Identified the +4 robe of the Evening Star {+Blink rN+}
                  | (Okawaru gifted it to you on level 2 of the Orcish Mines)
 30495 | Orc:2    | Received a gift from Okawaru
 30676 | Orc:2    | Found Seseu's Armour Shop.
 30676 | Orc:2    | Found Pumec's Book Shop.
 30679 | Orc:2    | Found Sel Emuth's Book Boutique.
 30683 | Orc:2    | Found Totaute's Weapon Boutique.
 30787 | Orc:2    | Found a gate leading to a gauntlet.
 30803 | Gauntlet | Entered a Gauntlet
 30803 | Gauntlet | Found a transporter.
 30803 | Gauntlet | Found a transporter.
 30804 | Gauntlet | Found a transporter.
 30805 | Gauntlet | Found a transporter.
 30805 | Gauntlet | Found a transporter.
 30808 | Gauntlet | Found a transporter.
 30815 | Gauntlet | Found a transporter.
 30816 | Gauntlet | Found a transporter.
 30817 | Gauntlet | Found a transporter.
 30819 | Gauntlet | Found a transporter.
 30827 | Gauntlet | Found a transporter.
 30827 | Gauntlet | Found the +1 cloak of Starlight {*Dazzle EV+4 Stlth--}
 30828 | Gauntlet | Found a transporter.
 31034 | Gauntlet | Identified the ring of Rakodaga {Fly rElec Will+ Int+2
                  | Slay-6}
 31554 | Orc:2    | Found a staircase to the Elven Halls.
 31853 | Orc:1    | Noticed Sonja
 31858 | Orc:1    | Killed Sonja
 32093 | Snake:1  | Entered Level 1 of the Snake Pit
 32704 | Snake:1  | Gained mutation: You have very sharp fingernails. [demonic
                  | ancestry]
 32704 | Snake:1  | Reached XP level 16. HP: 88/127 MP: 12/26
 33182 | Snake:1  | Received a gift from Okawaru
 33533 | Snake:1  | Got the Spellbook of the Impact
 33608 | Snake:1  | Found Ymetainy's Antique Armour Emporium.
 33617 | Snake:1  | Reached skill level 15 in Invocations
 33720 | Snake:1  | Bought a pitted ring mail for 324 gold pieces
 33720 | Snake:1  | Identified the +2 ring mail of Kikubaaqudgha's Regard
                  | {rElec rCorr} (You bought it in a shop on level 1 of the
                  | Snake Pit)
 33810 | Snake:1  | Received a gift from Okawaru
 34362 | Snake:2  | You fall into a shaft and drop 1 floor!
 34532 | Snake:2  | Received a gift from Okawaru
 34823 | Snake:2  | Learned a level 3 spell: Vampiric Draining
 34851 | Snake:2  | Reached skill level 1 in Necromancy
 35082 | Snake:2  | Found a hide-covered altar of Uskayaw.
 35615 | Snake:2  | Found Usiser's Assorted Antiques.
 35625 | Snake:2  | Bought a scroll labelled QATIAV FAITY for 30 gold pieces
 35625 | Snake:2  | Bought a runed cloak for 225 gold pieces
 35925 | Snake:3  | Reached skill level 1 in Short Blades
 36137 | Snake:3  | Received a gift from Okawaru
 36285 | Snake:3  | Reached skill level 5 in Necromancy
 36665 | Snake:3  | Reached XP level 17. HP: 124/140 MP: 28/28
 37426 | Snake:4  | Entered Level 4 of the Snake Pit
 37459 | Snake:4  | Learned a level 5 spell: Borgnjor's Vile Clutch
 38023 | Snake:4  | Received a gift from Okawaru
 38463 | Orc:2    | Bought the +4 ring mail of Perfidy {rElec rC++} for 777
                  | gold pieces
 39310 | Snake:4  | Identified the +0 hat of Hadjma {Will++} (Okawaru gifted it
                  | to you on level 4 of the Snake Pit)
 39310 | Snake:4  | Received a gift from Okawaru
 39485 | Snake:4  | Reached skill level 15 in Fighting
 40003 | Snake:4  | Reached skill level 1 in Earth Magic
 40810 | Snake:4  | Got a serpentine rune of Zot
 41173 | Shoals:1 | Entered Level 1 of the Shoals
 41231 | Shoals:1 | Upgraded the game from 0.30-a0-122-g2a1322497e to
                  | 0.30-a0-123-g91d0c66ccf
 41263 | Shoals:1 | Found a runed translucent door.
 41263 | Shoals:1 | Found a shimmering altar of Xom.
 41263 | Shoals:1 | Noticed TheSexyCheese's ghost (adept MiBe)
 41263 | Shoals:1 | Identified the +8 war axe "Kuxel" {chaos, rPois rC+ Int-2
                  | SInv}
 41386 | Lair:3   | Reached skill level 5 in Earth Magic
 41473 | Lair:3   | Killed ytrimaz's ghost
 41581 | Lair:3   | Got the ring of Tecut {Fire rElec rN+}
 41626 | Lair:3   | Learned a level 4 spell: Dispel Undead
 41702 | Shoals:1 | Found Bymyptob's Jewellery Emporium.
 42005 | Shoals:1 | Reached skill level 10 in Necromancy
 42537 | Shoals:1 | Identified Roxanne's Secrets of Metamorphosis
 42537 | Shoals:1 | Noticed Roxanne
 42664 | Shoals:1 | Received a gift from Okawaru
 42670 | Shoals:1 | Acquired the +1 hat of the Bells {rF++ Str+2}
 43330 | Shoals:2 | Reached XP level 18. HP: 130/149 MP: 24/29
 43962 | Shoals:2 | Received a gift from Okawaru
 44225 | Shoals:2 | Received a gift from Okawaru
 44440 | Shoals:2 | Found Huogirav's Antique Weapon Shoppe.
 44761 | Shoals:2 | Identified the +7 shortbow of Disorder {venom, rN++ Int+3
                  | Dex+7}
 46681 | Shoals:4 | Entered Level 4 of the Shoals
 46974 | Shoals:4 | Received a gift from Okawaru
 46975 | Shoals:4 | Identified the ring of Xom's Entertainment {Str+6 Int+4
                  | SInv}
 47450 | Shoals:4 | Identified the +2 dagger of Gluttony {pain, *Corrode rF+
                  | Will+}
 47780 | Shoals:4 | Found a stormy altar of Qazlal.
 48048 | Shoals:4 | Paralysed by an air elemental for 1 turns
 48943 | Shoals:4 | Got a barnacled rune of Zot
 49853 | Elf:1    | Entered Level 1 of the Elven Halls
 49868 | Elf:1    | Received a gift from Okawaru
 50332 | Elf:1    | Received a gift from Okawaru
 50636 | Elf:1    | Gained mutation: You have a pair of horns on your head.
                  | [demonic ancestry]
 50636 | Elf:1    | Reached XP level 19. HP: 155/155 MP: 32/32
 51278 | Elf:1    | Reached skill level 5 in Short Blades
 51559 | Elf:1    | Gained mutation: You have hidden genetic defects. [a
                  | shining eye]
 51561 | Elf:1    | Reached skill level 5 in Throwing
 52173 | Elf:1    | Received a gift from Okawaru
 52318 | Elf:2    | Found Nyeron's Weapon Emporium.
 53423 | Elf:2    | Gained mutation: You are occasionally teleported next to
                  | monsters. [hidden defects]
 53544 | Elf:2    | Found a huge runed translucent gate.
 53544 | Elf:2    | Found a huge runed translucent gate.
 53544 | Elf:2    | Found a huge runed translucent gate.
 53556 | Elf:2    | Found a huge runed translucent gate.
 53557 | Elf:2    | Found a huge runed translucent gate.
 53768 | Elf:2    | Reached skill level 10 in Spellcasting
 53947 | Elf:1    | Lost mutation: You have hidden genetic defects. [potion of
                  | mutation]
 53947 | Elf:1    | Lost mutation: You are occasionally teleported next to
                  | monsters. [potion of mutation]
 53947 | Elf:1    | Gained mutation: You occasionally lose the ability to drink
                  | potions when taking damage. [potion of mutation]
 53947 | Elf:1    | Gained mutation: Your flesh is heat resistant. (rF+)
                  | [potion of mutation]
 53947 | Elf:1    | Lost mutation: Your flesh is heat resistant. (rF+) [potion
                  | of mutation]
 53947 | Elf:1    | Gained mutation: Your flesh is heat resistant. (rF+)
                  | [potion of mutation]
 54383 | Elf:2    | Got Dispater's Compendium of Gathered Arcane Weapons
 55032 | Elf:3    | Entered Level 3 of the Elven Halls
 55040 | Elf:3    | Found Ibies Fau's Antique Armour Shop.
 55048 | Elf:3    | Found Kyrebrome's Weapon Boutique.
 55056 | Elf:3    | Bought 4 curare-tipped darts for 31 gold pieces
 55060 | Elf:3    | Found Fiwomix's Distillery.
 55065 | Elf:3    | Found Nemiajel's Weapon Boutique.
 55068 | Elf:3    | Bought a potion of curing for 48 gold pieces
 55068 | Elf:3    | Bought a potion of ambrosia for 128 gold pieces
 55068 | Elf:3    | Bought a potion of cancellation for 128 gold pieces
 55068 | Elf:3    | Bought a potion of heal wounds for 80 gold pieces
 55088 | Elf:3    | Bought 3 boomerangs of dispersal for 63 gold pieces
 55393 | Elf:3    | Learned a level 5 spell: Lee's Rapid Deconstruction
 56311 | Elf:3    | Received a gift from Okawaru
 56514 | Elf:3    | Identified the ring of the Special Thickets {Fire rN+ Will+
                  | Str-5 Slay+5}
 56818 | Elf:3    | Shot with an arrow by a deep elf master archer

Illustrated notes

Levels and vault maps discovered:
D:1:      eino_arrival_cavern_c, layout_rooms
D:2:      layout_basic
D:3:      cheibrodos_fertilizer, layout_loops_ring,
          mainiacjoe_overflow_six_doors_small, minmay_misc_feat_more_columns,
          minmay_misc_feat_columns, minmay_misc_feat_doors, st_stairs_2,
          kennysheep_orc_chapel
D:4:      layout_gridville, mainiacjoe_overflow_paths,
          nemelex_xobeh_ov_fountains_minmay, okawaru_ov_weapons_minmay,
          uniq_duvessa, uniq_grinder, uniq_blork_the_orc, uniq_eustachio
D:5:      corexii_shantytown, layout_basic, eat_drink_and_be_merry_uskayaw,
          minmay_temple_entry_gardened_gates
D:6:      layout_cave_pools
D:7:      layout_cave_pools, nicolae_tso_carved_into_rock, serial_shops,
          nicolae_diamond_shop, serial_glass, glass_columns_b, glass_columns_a,
          glass_columns_c, glass_columns_b, minmay_strange_pillars
D:8:      layout_basic, minmay_manual_mares, uniq_pikel, uniq_maurice,
          uniq_erica
D:9:      layout_stronghold, mainiacjoe_overflow_boulevard, lair_entry_dummy,
          minmay_hedge_maze, solitary_fountain
D:10:     layout_roguey, minmay_guarded_unrand_vampires_tooth
D:11:     layout_loops_ring, st_stairs_11
D:12:     layout_loops_cross, zombieorc2_lemuel,
          beargit_hepliaklqana_dungeon_heroes
D:13:     layout_loops_corners, serial_shops, shop, nicolae_shop_clearance
D:14:     layout_gridville, erik_vaults_2, serial_shops, nicolae_stop_n_shop_2,
          evilmike_ruin_ashenzari, nicolae_transmutations_shop
D:15:     hangedman_depths_entry_civil_slaughter, layout_basic,
          portal_ice_cave_entry_ice_simulacra
Lair:1:   layout_loops_ring, uniq_joseph, uniq_urug
Lair:2:   layout_misc_corridors, minmay_shoals_entry_centaurs, lemuel_fruit_tree
Lair:3:   layout_small_grid, minmay_snake_entry_six_corridors,
          gammafunk_ghost_icy, beast_lair_carwin_10
Lair:4:   layout_cave_shapes, slime_entry_1
Lair:5:   wormcave, layout_cave_pods, guppyfry_lair_end_dragon, minivault_11,
          st_stairs_5
Shoals:1: layout_shoals, ebering_ghost_xom, serial_shops,
          nicolae_lakefront_shop, nicolae_splish_splash, uniq_roxanne
Shoals:2: layout_shoals, serial_shops,
          nicolae_shop_temple_entry_statues_fountains
Shoals:3: layout_shoals, centaur_isle
Shoals:4: shoals_end_hellmonk_storm_palace [storm_palace_center_circular,
          storm_palace_corner_reverse_hut, storm_palace_corner_narrow,
          storm_palace_corner_narrow, storm_palace_corner_altar]
Snake:1:  layout_cave_pods, nicolae_snake_storage_room, minmay_shop_star
Snake:2:  layout_concentric_octagons, serial_shops, nicolae_shop_trees,
          basic_altar, library_closet
Snake:3:  layout_rooms, st_stairs_12, nicolae_snake_snakes_in_the_grass,
          grunt_megastairs_5, serial_bayou_shore_b
Snake:4:  grunt_snake_rune_spirals, layout_onion, st_stairs_2
Orc:1:    layout_caves, uniq_sonja
Orc:2:    st_orc_mages, layout_diamond_mine, gauntlet_entry_generic
Elf:1:    nicolae_elf_arrival_no_cutting_in_line, layout_loops_corners,
          minmay_elf_necromancy, hangedman_elf_represent
Elf:2:    elven_hall_of_blades_hangedman_alternative
          [infiniplex_blade_entry_pillars], layout_geoelf_diagonals,
          serial_shops, nicolae_stop_n_shop_2, minmay_elf_sorcery
Elf:3:    nooodl_elf_gasket, layout_geoelf_diagonals, serial_shops,
          nicolae_shop_hallway_plus, nicolae_shop_trees, shop,
          nicolae_shop_temple_entry_statues_fountains, shop

Skill      XL: |  1  2  3  4  5  6  7  8  9 10 11 12 13 14 15 16 17 18 19 |
---------------+----------------------------------------------------------+-----
Stealth        | 2 3 4 5 7 8 |  8.0
Dodging        | 2 3 4 5 6 7 8 11 13 14 | 14.2
Ice Magic      | 4 5 6 7 |  7.8
Spellcasting   | 3 4 5 6 9 10 | 10.4
Invocations    | 1 4 6 8 10 12 14 15 | 15.0
Fighting       | 2 4 6 8 9 11 12 14 15 | 15.0
Maces & Flails | 1 3 4 |  4.0
Shields        | 3 4 |  4.0
Polearms       | 5 12 14 | 14.0
Throwing       | 4 6 |  6.5
Armour         | 4 7 8 |  8.0
Evocations     | 3 7 8 |  8.0
Necromancy     | 5 10 13 14 | 14.2
Short Blades   | 3 4 6 |  6.6
Earth Magic    | 6 8 9 |  9.9

Action                   |  1- 3 |  4- 6 |  7- 9 | 10-12 | 13-15 | 16-18 | 19-21 || total
-------------------------+-------+-------+-------+-------+-------+-------+-------++-------
Melee: Short sword       |    32 |    31 |       |       |       |       |       ||    63
       Unarmed           |     1 |       |       |       |       |       |       ||     1
       War axe           |     9 |       |       |       |       |       |       ||     9
       Headbutt          |     1 |    20 |    49 |   103 |   245 |   249 |    51 ||   718
       Dagger            |       |    66 |    61 |       |       |       |       ||   127
       Punch             |       |     2 |       |       |       |       |       ||     2
       Kick              |       |    11 |    70 |   151 |   440 |   399 |    96 ||  1167
       Whip              |       |       |   168 |   355 |       |       |       ||   523
       Demon trident     |       |       |       |    55 |  1348 |  1514 |   350 ||  3267
       Quick blade       |       |       |       |       |       |    26 |     9 ||    35
Throw: Dart              |       |     7 |       |       |       |       |       ||     7
       Boomerang         |       |       |       |       |       |   133 |    28 ||   161
       Javelin           |       |       |       |       |       |     5 |       ||     5
 Cast: Freeze            |    51 |     9 |     3 |       |       |       |       ||    63
       Frozen Ramparts   |       |     2 |     7 |    21 |    15 |    18 |     3 ||    66
       Ozocubu's Armour  |       |       |       |     5 |     6 |       |     3 ||    14
       Borgnjor's Vile C |       |       |       |       |       |       |     2 ||     2
Invok: Heroism           |       |       |     1 |    10 |    19 |    10 |     3 ||    43
       Finesse           |       |       |       |     5 |    12 |     5 |     3 ||    25
Evoke: Wand              |       |       |       |     7 |     4 |    16 |     2 ||    29
       Condenser vane    |       |       |       |       |     1 |     1 |       ||     2
       Piece from Xom's  |       |       |       |       |       |     1 |       ||     1
  Use: Potion            |     1 |       |     2 |     1 |     1 |    11 |     1 ||    17
       Scroll            |       |     5 |    14 |    11 |    11 |    11 |     7 ||    59
 Stab: Sleeping          |     2 |     7 |    15 |    11 |    34 |    17 |     4 ||    90
       Paralysed         |       |       |       |     2 |       |       |       ||     2
       Distracted        |       |       |       |       |    12 |    10 |     4 ||    26
       Held in net/web   |       |       |       |       |       |     1 |       ||     1
Armor: Robe              |    22 |     7 |       |       |       |       |       ||    29
       Leather armour    |       |     3 |    28 |       |       |       |       ||    31
       Steam dragon scal |       |       |    25 |   144 |   134 |    12 |       ||   315
       Fire dragon scale |       |       |       |       |     2 |       |       ||     2
       Ring mail         |       |       |       |       |       |   259 |    39 ||   298
Dodge: Dodged            |    69 |    49 |   104 |   289 |   398 |   706 |    93 ||  1708
Block: Other             |       |    12 |    19 |       |       |       |       ||    31
       Buckler           |       |       |    36 |   208 |   309 |   501 |    73 ||  1127
       Reflection        |       |       |       |       |    12 |   106 |    28 ||   146

Table legend: (Time is in decaauts)
 A = Elapsed time spent in this place.
 B = Non-inter-level travel time spent in this place.
 C = Inter-level travel time spent in this place.
 D = Time resting spent in this place.
 E = Time spent auto-exploring this place.
 F = Levels seen in this place.
 G = Mean time per level.
                   A        B        C        D        E       F      G
               +--------+--------+--------+--------+--------+-----+--------+
         Total |  55858 |  52695 |   3163 |  19973 |  19616 |  34 | 1642.9 |
       Dungeon |  20910 |  19884 |   1026 |   5474 |  10597 |  15 | 1394.0 |
          Lair |   9545 |   8829 |    716 |   3771 |   2961 |   5 | 1909.0 |
        Shoals |   8139 |   7930 |    209 |   3767 |   1830 |   4 | 2034.8 |
     Snake Pit |   8337 |   7791 |    546 |   3356 |   1789 |   4 | 2084.2 |
  Orcish Mines |   1743 |   1556 |    187 |    173 |    921 |   2 |  871.5 |
   Elven Halls |   6799 |   6323 |    476 |   3382 |   1517 |   3 | 2266.3 |
      Gauntlet |    382 |    382 |      0 |     48 |      0 |   1 |  382.0 |
               +--------+--------+--------+--------+--------+-----+--------+

Top non-repeatable levels by time:
   Elf:1: 3091 daAuts
 Snake:4: 2789 daAuts
  Lair:5: 2645 daAuts
 Snake:1: 2603 daAuts
Shoals:4: 2600 daAuts
  Lair:1: 2559 daAuts
  Lair:3: 2107 daAuts
Shoals:3: 2052 daAuts
    D:13: 2031 daAuts
    D:12: 1958 daAuts
   Elf:2: 1954 daAuts
Shoals:2: 1891 daAuts
    D:15: 1886 daAuts
     D:4: 1874 daAuts
 Snake:3: 1797 daAuts
